| TOP OF THE 1ST |
|
Seattle Mariners batting - Pitching for New York Yankees : RHP Steve Shields
|
|
Pitching: RHP Steve Shields
|
|
|
Batting: LHB Jose Perales
|
0-0: Foul Ball, location: 2F 0-1: Ball 1-1: Ground out 5-3 (Groundball, 56, EV 98.8 MPH)
|
|
Batting: LHB Don Mattingly
|
0-0: Swinging Strike 0-1: Swinging Strike 0-2: Ball 1-2: Ball 2-2: Ball 3-2: SINGLE (Line Drive, 5D, EV 105.0 MPH)
|
|
Batting: RHB Robin Yount
|
0-0: Foul Ball, location: 2F 0-1: Called Strike 0-2: Ball 1-2: Ball Wild Pitch! Don Mattingly to second 2-2: Ball 3-2: Foul Ball, location: 2F 3-2: SINGLE (Line Drive, 4MD, EV 98.1 MPH) Don Mattingly to third Runner from 3rd tries for Home, SAFE, throw by CF to home
|
|
Batting: LHB Chris Wynn
|
0-0: Called Strike Robin Yount steals 2nd base (no throw) 0-1: Swinging Strike 0-2: Ball 1-2: Strikes out swinging
|
|
Batting: RHB Tony Conigliaro
|
0-0: Ball 1-0: Ball 2-0: Ball 3-0: Called Strike 3-1: Fly out, F8 (Flyball, 8LS, EV 95.0 MPH)
|
| Top of the 1st over - 1 run, 2 hits, 0 errors, 1 left on base; Seattle 1 - New York 0 |
| BOTTOM OF THE 1ST |
|
New York Yankees batting - Pitching for Seattle Mariners : RHP Steve Busby
|
|
Pitching: RHP Steve Busby
|
|
|
Batting: SHB Willie Wilson
|
0-0: Ball 1-0: Called Strike 1-1: SINGLE (Line Drive, 34D, EV 95.6 MPH)
|
|
Batting: RHB Pedro Guerrero
|
0-0: Ball 1-0: Called Strike 1-1: Ball 2-1: Foul Ball, location: 2F 2-2: Strikes out swinging
|
|
Batting: LHB Wade Boggs
|
0-0: Ball 1-0: Called Strike Willie Wilson steals 2nd base 1-1: SINGLE (Groundball, 25, EV 66.9 MPH) (infield hit) Willie Wilson to third
|
|
Batting: LHB Kent Hrbek
|
0-0: Ball 1-0: Ball 2-0: Called Strike 2-1: Fly out, F9 (Flyball, 9LM, EV 81.3 MPH) Runner from 3rd tags up, SCORES, throw by RF
|
|
Batting: RHB David Hall
|
0-0: Ball 1-0: Ball 2-0: Fielders Choice at 2nd, 5-4 (Groundball, 5, EV 93.8 MPH)
|
| Bottom of the 1st over - 1 run, 2 hits, 0 errors, 1 left on base; Seattle 1 - New York 1 |
| TOP OF THE 2ND |
|
Seattle Mariners batting - Pitching for New York Yankees : RHP Steve Shields
|
|
Batting: LHB Mike Stenhouse
|
0-0: Ball 1-0: Foul Ball, location: 2F 1-1: Foul Ball, location: 2F 1-2: Ball 2-2: Ground out 6-3 (Groundball, 6, EV 81.9 MPH)
|
|
Batting: RHB Bobby Bonds
|
0-0: Swinging Strike 0-1: Ground out 5-3 (Groundball, 56S, EV 88.8 MPH)
|
|
Batting: RHB Ryne Sandberg
|
0-0: Fly out, F3 (Flyball, 3D, EV 90.0 MPH)
|
| Top of the 2nd over - 0 runs, 0 hits, 0 errors, 0 left on base; Seattle 1 - New York 1 |
| BOTTOM OF THE 2ND |
|
New York Yankees batting - Pitching for Seattle Mariners : RHP Steve Busby
|
|
Batting: LHB George Kaage
|
0-0: Ball 1-0: Foul Ball, location: 2F 1-1: Ball 2-1: Foul Ball, location: 2F 2-2: Ball 3-2: Base on Balls
|
|
Batting: RHB Emanuel Cortez
|
0-0: Ball 1-0: Ball 2-0: Bunted foul 2-1: Ball 3-1: Bunted foul 3-2: Fly out, F8 (Flyball, 78XD, EV 97.5 MPH)
|
|
Batting: SHB Jerry Manuel
|
0-0: Ball 1-0: Swinging Strike 1-1: Swinging Strike 1-2: Strikes out looking
|
|
Batting: LHB Ron Hassey
|
0-0: Called Strike 0-1: Ground out 4-3 (Groundball, 4, EV 102.5 MPH)
|
| Bottom of the 2nd over - 0 runs, 0 hits, 0 errors, 1 left on base; Seattle 1 - New York 1 |
| TOP OF THE 3RD |
|
Seattle Mariners batting - Pitching for New York Yankees : RHP Steve Shields
|
|
Batting: RHB Ozzie Virgil
|
0-0: Called Strike 0-1: Ball 1-1: Ball 2-1: Called Strike 2-2: Ball 3-2: Foul Ball, location: 2F 3-2: Strikes out swinging
|
|
Batting: LHB Jose Perales
|
0-0: Swinging Strike 0-1: Ball 1-1: Swinging Strike 1-2: Ball 2-2: Strikes out looking
|
|
Batting: LHB Don Mattingly
|
0-0: Swinging Strike 0-1: Ball 1-1: Ball 2-1: Swinging Strike 2-2: Ball 3-2: Base on Balls
|
|
Batting: RHB Robin Yount
|
0-0: Called Strike 0-1: Ball 1-1: Foul Ball, location: 2F 1-2: Fielders Choice at 2nd, 6-4 (Groundball, 6, EV 83.8 MPH)
|
| Top of the 3rd over - 0 runs, 0 hits, 0 errors, 1 left on base; Seattle 1 - New York 1 |
| BOTTOM OF THE 3RD |
|
New York Yankees batting - Pitching for Seattle Mariners : RHP Steve Busby
|
|
Batting: SHB Willie Wilson
|
0-0: Ball 1-0: Swinging Strike 1-1: Swinging Strike 1-2: Ball 2-2: Strikes out swinging
|
|
Batting: RHB Pedro Guerrero
|
0-0: SINGLE (Groundball, 5S, EV 67.5 MPH) (infield hit)
|
|
Batting: LHB Wade Boggs
|
0-0: SINGLE (Line Drive, 8LS, EV 96.3 MPH) Pedro Guerrero to second Runner from 2nd tries for 3rd, SAFE, no throw by CF
|
|
Batting: LHB Kent Hrbek
|
0-0: Ball 1-0: Ball 2-0: Foul Ball, location: 2F 2-1: Foul Ball, location: 2F 2-2: Grounds into double play, 6-4-3 (Groundball, 6, EV 81.9 MPH)
|
| Bottom of the 3rd over - 0 runs, 2 hits, 0 errors, 1 left on base; Seattle 1 - New York 1 |
| TOP OF THE 4TH |
|
Seattle Mariners batting - Pitching for New York Yankees : RHP Steve Shields
|
|
Batting: LHB Chris Wynn
|
0-0: Swinging Strike 0-1: Swinging Strike 0-2: Strikes out swinging
|
|
Batting: RHB Tony Conigliaro
|
0-0: Called Strike 0-1: Fly out, F8 (Flyball, 8LXD, EV 95.0 MPH)
|
|
Batting: LHB Mike Stenhouse
|
0-0: Ball 1-0: Foul Ball, location: 2F 1-1: Fly out, F4 (Popup, 34D, EV 58.1 MPH)
|
| Top of the 4th over - 0 runs, 0 hits, 0 errors, 0 left on base; Seattle 1 - New York 1 |
| BOTTOM OF THE 4TH |
|
New York Yankees batting - Pitching for Seattle Mariners : RHP Steve Busby
|
|
Batting: RHB David Hall
|
0-0: Swinging Strike 0-1: Called Strike 0-2: Foul Ball, location: 2F 0-2: Strikes out swinging
|
|
Batting: LHB George Kaage
|
0-0: Ball 1-0: Ball 2-0: Fly out, F8 (Flyball, 8RXD, EV 107.5 MPH)
|
|
Batting: RHB Emanuel Cortez
|
0-0: Foul Ball, location: 2F 0-1: Ground out 4-3 (Groundball, 4MD, EV 77.5 MPH)
|
| Bottom of the 4th over - 0 runs, 0 hits, 0 errors, 0 left on base; Seattle 1 - New York 1 |
| TOP OF THE 5TH |
|
Seattle Mariners batting - Pitching for New York Yankees : RHP Steve Shields
|
|
Batting: RHB Bobby Bonds
|
0-0: SINGLE (Line Drive, 9LS, EV 104.4 MPH)
|
|
Batting: RHB Ryne Sandberg
|
0-0: Grounds out, U3 (Groundball, 3L, EV 101.3 MPH)
|
|
Batting: RHB Ozzie Virgil
|
0-0: Swinging Strike 0-1: Foul Ball, location: 2F 0-2: Strikes out swinging
|
|
Batting: LHB Jose Perales
|
0-0: Ball 1-0: Called Strike 1-1: Foul Ball, location: 2F 1-2: Fly out, F7 (Flyball, 78M, EV 75.6 MPH)
|
| Top of the 5th over - 0 runs, 1 hit, 0 errors, 1 left on base; Seattle 1 - New York 1 |
| BOTTOM OF THE 5TH |
|
New York Yankees batting - Pitching for Seattle Mariners : RHP Steve Busby
|
|
Batting: SHB Jerry Manuel
|
0-0: Called Strike 0-1: Ball 1-1: Foul Ball, location: 2F 1-2: Ball 2-2: Ball 3-2: SINGLE (Groundball, 34D, EV 96.9 MPH)
|
|
Batting: LHB Ron Hassey
|
0-0: Ball 1-0: Ball 2-0: Foul Ball, location: 2F 2-1: DOUBLE (Line Drive, 89D, EV 107.5 MPH) Jerry Manuel to third Runner from 3rd tries for Home, SAFE, throw by RF to home
|
|
Batting: SHB Willie Wilson
|
0-0: SINGLE (Line Drive, 8RS, EV 100.0 MPH) Ron Hassey to third Runner from 3rd tries for Home, SAFE, throw by CF to home
|
|
Batting: RHB Pedro Guerrero
|
0-0: Foul Ball, location: 2F 0-1: Fly out, F8 (Line Drive, 8LM, EV 96.3 MPH)
|
|
Batting: LHB Wade Boggs
|
0-0: Swinging Strike 0-1: Ball 1-1: Ball 2-1: SINGLE (Line Drive, 4MD, EV 103.1 MPH) Willie Wilson to second
|
|
Batting: LHB Kent Hrbek
|
0-0: Called Strike 0-1: Ball Passed Ball! Willie Wilson to third Wade Boggs to second 1-1: Ball 2-1: Ground out 6-3 (Groundball, 6, EV 101.9 MPH)
|
|
Batting: RHB David Hall
|
0-0: Called Strike 0-1: Foul Ball, location: 2F 0-2: Foul Ball, location: 2F 0-2: Foul Ball, location: 2F 0-2: Strikes out swinging
|
| Bottom of the 5th over - 2 runs, 4 hits, 0 errors, 2 left on base; Seattle 1 - New York 3 |
| TOP OF THE 6TH |
|
Seattle Mariners batting - Pitching for New York Yankees : RHP Steve Shields
|
|
Batting: LHB Don Mattingly
|
0-0: Called Strike 0-1: Ball 1-1: Ground out U3 (Groundball, 3, EV 83.1 MPH)
|
|
Batting: RHB Robin Yount
|
0-0: Called Strike 0-1: Ball 1-1: Swinging Strike 1-2: Strikes out swinging
|
|
Batting: LHB Chris Wynn
|
0-0: Ball 1-0: Foul Ball, location: 2F 1-1: Foul Ball, location: 2F 1-2: Strikes out swinging
|
| Top of the 6th over - 0 runs, 0 hits, 0 errors, 0 left on base; Seattle 1 - New York 3 |
| BOTTOM OF THE 6TH |
|
New York Yankees batting - Pitching for Seattle Mariners : RHP Steve Busby
|
|
Batting: LHB George Kaage
|
0-0: Called Strike 0-1: Ball 1-1: Fly out, F6 (Popup, 6MD, EV 46.3 MPH)
|
|
Batting: RHB Emanuel Cortez
|
0-0: Foul Ball, location: 2F 0-1: Ground out 6-3 (Groundball, 6D, EV 105.0 MPH)
|
|
Batting: SHB Jerry Manuel
|
0-0: Called Strike 0-1: DOUBLE (Line Drive, 9LS, EV 109.4 MPH)
|
|
Batting: LHB Ron Hassey
|
0-0: Fly out, F8 (Line Drive, 8RD, EV 92.5 MPH)
|
| Bottom of the 6th over - 0 runs, 1 hit, 0 errors, 1 left on base; Seattle 1 - New York 3 |
| TOP OF THE 7TH |
|
Seattle Mariners batting - Pitching for New York Yankees : RHP Steve Shields
|
|
Batting: RHB Tony Conigliaro
|
0-0: Fly out, F9 (Flyball, 89D, EV 99.4 MPH)
|
|
Batting: LHB Mike Stenhouse
|
0-0: Ball 1-0: Called Strike 1-1: Swinging Strike 1-2: Ball 2-2: Ground out 6-3 (Groundball, 6, EV 90.6 MPH)
|
|
Batting: RHB Bobby Bonds
|
0-0: Called Strike 0-1: Foul Ball, location: 2F 0-2: Strikes out swinging
|
| Top of the 7th over - 0 runs, 0 hits, 0 errors, 0 left on base; Seattle 1 - New York 3 |
| BOTTOM OF THE 7TH |
|
New York Yankees batting - Pitching for Seattle Mariners : RHP Steve Busby
|
|
Batting: SHB Willie Wilson
|
0-0: DOUBLE (Groundball, 3L, EV 96.3 MPH)
|
|
Batting: RHB Pedro Guerrero
|
0-0: Called Strike Willie Wilson steals 3rd base 0-1: Ball 1-1: SINGLE (Flyball, 6D, EV 91.9 MPH) Willie Wilson scores
|
|
Batting: LHB Wade Boggs
|
0-0: Ball 1-0: Fly out, F6 (Flyball, 56D, EV 89.4 MPH)
|
|
Batting: LHB Kent Hrbek
|
0-0: Called Strike 0-1: Foul Ball, location: 2F 0-2: Ball 1-2: DOUBLE (Line Drive, 5D, EV 94.4 MPH) Pedro Guerrero to third Runner from 3rd tries for Home, SAFE, throw by LF to home
|
|
Pitching: RHP Dick Bosman
|
|
|
Batting: RHB David Hall
|
0-0: Called Strike 0-1: Ground out 4-3 (Groundball, 4M, EV 111.9 MPH) Kent Hrbek to third
|
|
Batting: LHB George Kaage
|
0-0: Foul Ball, location: 2F 0-1: Fly out, F8 (Flyball, 8RD, EV 89.4 MPH)
|
| Bottom of the 7th over - 2 runs, 3 hits, 0 errors, 1 left on base; Seattle 1 - New York 5 |
| TOP OF THE 8TH |
|
Seattle Mariners batting - Pitching for New York Yankees : RHP Steve Shields
|
|
Batting: RHB Ryne Sandberg
|
0-0: Fly out, F7 (Flyball, 7D, EV 80.0 MPH)
|
|
Batting: RHB Ozzie Virgil
|
0-0: Called Strike 0-1: Ball 1-1: Ball 2-1: Fly out, F4 (Flyball, 3D, EV 81.3 MPH)
|
|
Batting: LHB Jose Perales
|
0-0: SINGLE (Groundball, 6S, EV 74.4 MPH) (infield hit)
|
|
Batting: LHB Don Mattingly
|
0-0: Ball 1-0: Ball 2-0: Fielders Choice at 2nd, 6-4 (Groundball, 6, EV 111.3 MPH)
|
| Top of the 8th over - 0 runs, 1 hit, 0 errors, 1 left on base; Seattle 1 - New York 5 |
| BOTTOM OF THE 8TH |
|
New York Yankees batting - Pitching for Seattle Mariners : RHP Dick Bosman
|
|
Batting: RHB Emanuel Cortez
|
0-0: Ball 1-0: Ball 2-0: Called Strike 2-1: Foul Ball, location: 2F 2-2: Foul Ball, location: 2F 2-2: Ground out 6-3 (Groundball, 6S, EV 84.4 MPH)
|
|
Batting: SHB Jerry Manuel
|
0-0: Ball 1-0: Ball 2-0: Foul Ball, location: 2F 2-1: Called Strike 2-2: Ball 3-2: Fly out, F9 (Line Drive, 9D, EV 90.0 MPH)
|
|
Batting: LHB Ron Hassey
|
0-0: Swinging Strike 0-1: SINGLE (Flyball, 3D, EV 83.8 MPH)
|
|
Batting: SHB Willie Wilson
|
0-0: Ball 1-0: Foul Ball, location: 2F 1-1: Ground out 2-3 (Groundball, 15S, EV 64.4 MPH)
|
| Bottom of the 8th over - 0 runs, 1 hit, 0 errors, 1 left on base; Seattle 1 - New York 5 |
| TOP OF THE 9TH |
|
Seattle Mariners batting - Pitching for New York Yankees : RHP Steve Shields
|
|
Batting: RHB Robin Yount
|
0-0: Called Strike 0-1: Swinging Strike 0-2: Foul Ball, location: 2F 0-2: Ball 1-2: Ball 2-2: Ball 3-2: SINGLE (Line Drive, 34, EV 108.1 MPH)
|
|
Batting: LHB Chris Wynn
|
0-0: Swinging Strike 0-1: SINGLE (Line Drive, 9, EV 112.5 MPH) Robin Yount to second
|
|
Batting: RHB Tony Conigliaro
|
0-0: Foul Ball, location: 2F 0-1: Foul Ball, location: 2F 0-2: Ball 1-2: Strikes out swinging
|
|
Batting: LHB Mike Stenhouse
|
0-0: Ball 1-0: Called Strike 1-1: Foul Ball, location: 2F 1-2: Ball 2-2: Strikes out swinging
|
|
Batting: RHB Bobby Bonds
|
0-0: Ball 1-0: Ball 2-0: Called Strike 2-1: Called Strike 2-2: Ground out 2-3 (Groundball, 2R, EV 72.5 MPH)
|
| Top of the 9th over - 0 runs, 2 hits, 0 errors, 2 left on base; Seattle 1 - New York 5 |
|